woodfighter, lawful female dwarven Priestess ------ ----- |....| |...| |.`..----.`.| |.`.......`.| |..--->---`@| |---------f--- |..^^^<|.....| |(.----|`....| --^| |%`...| |^-----.`...| |..^^^^`.`..| |..---------- ---- woodfighter the Adept Experience level: 6 Strength: 17 Dexterity: 11 Constitution: 15 Intelligence: 17 Wisdom: 8 Charisma: 8 Health: 0(42) Energy: 31(31) Def: 6 Gold: 1720 Moves: 4278 Dungeon seed: a-yXWqN8EkZ8sC5U Game ID: woodfighter_1553193958 Your Inventory: Coins $ - 1720 gold pieces Amulets H - an amulet of ESP (being worn) Weapons a - a blessed +1 mace (weapon in hand) Armor e - a +0 robe (being worn) n - a +0 small shield (being worn) y - a +2 orcish helm (being worn) Comestibles d - 2 sprigs of wolfsbane K - a food ration Scrolls m - 3 scrolls of scare monster p - a scroll of fire w - a scroll of create monster z - a scroll of light B - a blessed scroll of destroy armor C - a scroll of remove curse F - a cursed scroll of confuse monster Spellbooks g - a spellbook of create monster h - a spellbook of light i - a spellbook of detect monsters Potions b - 4 potions of holy water k - a cursed potion of confusion s - a potion of extra healing v - a potion of oil D - 3 potions of hallucination E - a potion of gain ability G - a potion of blindness J - a potion of booze Rings A - a ring of sustain ability L - a +1 ring of protection Wands f - a wand of cancellation (0:1) r - a wand of secret door detection (0:11) t - a wand of enlightenment (0:10) I - a wand of opening (0:7) Gems q - a worthless piece of green glass Spells and supernatural/magical abilities: Name Level Category Fail Memory l - light 1 divination 0% 79% n - detect monsters 1 divination 0% 79% O - create monster 2 clerical 0% 79% W - pray for help -- divine ? -- X - turn undead -- divine ? -- Your skills at the end: Miscellaneous Skills shield [Basic] wands [Basic] Weapon Skills pick-axe [Basic] mace [Basic] Spellcasting Skills clerical spells [Basic] Final Attributes: You were devoutly aligned. Your writing hand was ok. You were telepathic. You had infravision. You were stealthy. You were lucky. You are dead. Vanquished creatures: a wolf a dust vortex an ape 4 human zombies a rope golem a bugbear a rock piercer a gray ooze 2 puppies a floating eye a kitten 3 iguanas a rabid rat 2 jitterbugs 2 giant bats 3 monkeys a dwarf zombie a wererat 4 geckos 4 hobgoblins a giant rat 3 gnome zombies 11 jackals a fox 5 newts a goblin 11 grid bugs 4 lichens 73 creatures vanquished. Voluntary challenges: You did not cause conflict. You were not invisible. You did not have reflection. You were not displaced. You had been an atheist until turn 2198. You used a wielded weapon 119 times, starting on turn 61. You did not use tools. You did not use plumbed fixtures. You did not drink any magical draughts. You were illiterate. You never genocided any monsters. You never polymorphed an object. You never changed form. You used no wishes. You never split a pudding. You never wrote Elbereth's name. You never violated your personal moral code. Dungeon overview: The Dungeons of Doom: levels 1 to 9 Level 1 (water + box) a fountain, a sink a long staircase Level 2 an altar to Thoth Level 3 an altar to Anhur Level 4 (water) a fountain stairs to The Gnomish Mines Level 5 (water + vault) some fountains Level 6 (shop + vault) a fountain Level 7 (eyes + throne) a fountain, a throne Level 8 many fountains Level 9 (water + box) a fountain stairs to Sokoban The Gnomish Mines: Level 5 stairs to The Dungeons of Doom Sokoban: Level 8 <- You were here a magic chest stairs to The Dungeons of Doom History has recorded: On T:1 you entered the Dungeons of Doom to retrieve the Amulet of Yendor! On T:60 you reached level 2 of The Dungeons of Doom. On T:525 you reached level 3 of The Dungeons of Doom. On T:798 you advanced to experience level 2. On T:1295 you reached level 4 of The Dungeons of Doom. On T:1500 you reached level 5 of The Dungeons of Doom. On T:1552 you reached level 1 of The Gnomish Mines. On T:1656 you advanced to experience level 3. On T:1926 you advanced to experience level 4. On T:2190 you reached level 6 of The Dungeons of Doom. On T:2198 you prayed to Ptah. On T:2205 you advanced to experience level 5. On T:3003 you reached level 7 of The Dungeons of Doom. On T:3085 you prayed to Ptah. On T:3590 you reached level 8 of The Dungeons of Doom. On T:3594 you advanced to experience level 6. On T:3980 you reached level 9 of The Dungeons of Doom. On T:4232 you reached level 4 of Sokoban. Score breakdown: Gold: 1720 ( 172 points) Experience: 6 levels ( 500 points) Exploration: 9 levels ( 240 points) Discoveries: 21 items ( 1050 points) Variety of kills: 28 monsters ( 1400 points) Major goal: (nothing yet) ( 0 points) Survival: died (score multiplied by 3) Total score: 10086 Latest messages: The ape bites! You hit the ape! The ape misses. The ape claws you! The ape bites! You hit the ape! The ape claws you! (2x) The ape bites! You kill the ape! You hit the rope golem! The rope golem claws you! The rope golem misses. You hit the rope golem! The rope golem claws you! The rope golem misses. You hit the rope golem! (2x) The rope golem misses. The rope golem claws you! You destroy the rope golem! The jaguar claws you! (2x) The jaguar bites! The jaguar just misses! The jaguar misses. (2x) You hit the jaguar! The jaguar claws you! (2x) The jaguar bites! You die... Final status: Goodbye woodfighter the Priestess, killed by a jaguar... You died in Sokoban on dungeon level 8 with 10086 points, and 1720 pieces of gold, after 4278 moves. You were level 6 with a maximum of 42 hit points when you died.